 Dungeon Crawl Stone Soup version 0.30.0-29-ga12c61a403 (webtiles) character file.

Game seed: 7890223067293597124

107427 MacCMillion the Convoker (level 16, 0/105 HPs)
             Began as a Tengu Summoner on June 6, 2023.
             Was an Initiate of Gozag.
             Succumbed to a tengu reaver's bolt of poison
             ... on level 15 of the Dungeon.
             The game lasted 01:31:55 (36406 turns).

MacCMillion the Convoker (Tengu Summoner)          Turns: 36406, Time: 01:31:56

Health: 0/105      AC: 12    Str: 10    XL:     16   Next: 46%
Magic:  19/31      EV: 24    Int: 20    God:    Gozag
Gold:   6343       SH:  0    Dex: 19    Spells: 12/35 levels left

rFire   + . .        L - +0 demon trident (drain)
rCold   + + .        (no shield)
rNeg    . . .        V - +0 acid dragon scales
rPois   .            v - +2 hat
rElec   .            S - +0 cloak
rCorr   +            (no gloves)
SInv    .            (boots unavailable)
Will    +....        R - amulet of Pride {rC+ Regen+ Dex+2}
Stlth   ++           J - ring of protection from cold
HPRegen 1.17/turn    G - ring of protection from fire
MPRegen 0.22/turn

%: no passive effects
@: lethally poisoned (0 -> -3), flying quickly and evasively, quick
A: beak, talons 3, nimble flight
a: Renounce Religion, Potion Petition, Call Merchant, Bribe Branch


You were on level 15 of the Dungeon.
You worshipped Gozag.
Gozag was greatly pleased with you.
You visited 3 branches of the dungeon, and saw 22 of its levels.
You also visited: Ossuary and Ice Cave.

You collected 8873 gold pieces.
You spent 654 gold pieces at shops.
You paid 1876 gold pieces to Gozag.

Inventory:

Hand Weapons
 L - a +0 demon trident of draining (weapon)
Missiles
 O - a throwing net
Armour
 v - a +2 hat (worn)
 S - a +0 cloak (worn)
 V - +0 acid dragon scales (worn)
Jewellery
 a - a ring of wizardry
 e - an amulet of reflection
 g - a ring of protection from cold
 u - a +6 ring of dexterity
 G - a ring of protection from fire (right hand)
 H - a ring of protection from fire
 J - a ring of protection from cold (left hand)
 R - the amulet of Pride (around neck) {rC+ Regen+ Dex+2}
   (You took it off a kobold demonologist on level 10 of the Dungeon)

   [amulet of regeneration]

   Dex:       It affects your dexterity (+2).
   rC:        It protects you from cold.
   Regen:     It increases your rate of health regeneration.
 U - a ring of positive energy
 Y - a ring of poison resistance
Wands
 q - a wand of polymorph (17)
 K - a wand of flame (69)
 M - a wand of mindburst (39)
 T - a wand of paralysis (15)
 W - a wand of iceblast (6)
 X - a wand of digging (7)
 Z - a wand of light (5)
Scrolls
 b - 5 scrolls of silence
 d - 3 scrolls of amnesia
 h - 2 scrolls of identify
 j - 6 scrolls of immolation
 n - 12 scrolls of teleportation
 o - 3 scrolls of poison
 r - 5 scrolls of blinking
 s - 2 scrolls of enchant weapon
 t - 2 scrolls of fog
 x - 4 scrolls of brand weapon
 y - a scroll of torment
 A - 2 scrolls of summoning
 B - 3 scrolls of fear
 C - 2 scrolls of noise
 E - 3 scrolls of magic mapping
 I - 3 scrolls of vulnerability
Potions
 c - a potion of might
 f - 3 potions of lignification
 i - 7 potions of heal wounds
 k - 7 potions of brilliance
 l - 9 potions of attraction
 m - 8 potions of ambrosia
 p - 6 potions of mutation
 w - 2 potions of resistance
 z - 10 potions of curing
 D - 6 potions of haste
 F - 6 potions of degeneration
 N - 4 potions of invisibility
 P - 2 potions of cancellation
 Q - a potion of magic


   Skills:
 + Level 13.6 Fighting
 + Level 3.5 Polearms
 - Level 10.0 Armour
 + Level 14.2 Dodging
 - Level 2.0 Stealth
 - Level 10.0 Spellcasting
 + Level 2.4 Hexes
 - Level 15.0 Summonings
 - Level 10.0 Translocations
 - Level 7.0 Air Magic


You had 12 spell levels left.
You knew the following spells:

 Your Spells              Type           Power      Damage    Failure   Level
a - Summon Cactus Giant   Summ           31%        N/A       3%          6
b - Call Imp              Summ           100%       N/A       1%          2
c - Call Canine Familiar  Summ           63%        N/A       1%          3
d - Summon Lightning Spi  Summ/Air       52%        N/A       1%          4
e - Summon Guardian Gole  Hex/Summ       44%        N/A       1%          3
f - Summon Forest         Summ/Tloc      28%        N/A       1%          5

Your spell library contained the following spells:

 Spells                   Type           Power      Damage    Failure   Level
 Apportation              Tloc           100%       N/A       1%          1
 Summon Small Mammal      Summ           100%       N/A       1%          1
 Poisonous Vapours        Pois/Air       48%        N/A       3%          2
 Summon Ice Beast         Ice/Summ       40%        N/A       4%          4
 Summon Mana Viper        Hex/Summ       44%        N/A       8%          5
 Magic Dart               Conj           40%        1d5       10%         1
 Necrotise                Necr           40%        1d6       10%         1
 Sting                    Tmut/Pois      40%        1d5       10%         1
 Mephitic Cloud           Conj/Pois/Air  19%        N/A       12%         3
 Scorch                   Fire           20%        2d6       16%         2
 Frozen Ramparts          Ice            20%        1d4       30%         3
 Ignite Poison            Fire/Tmut/Pois 10%        N/A       30%         3
 Cause Fear               Hex            9%         N/A       36%         4
 Flame Wave               Conj/Fire      10%        2d6       69%         4
 Ice Form                 Ice/Tmut       10%        N/A       69%         4
 Olgreb's Toxic Radiance  Pois           10%        N/A       69%         4
 Sticky Flame             Conj/Fire      10%        2d3       69%         4
 Borgnjor's Vile Clutch   Necr/Erth      5%         N/A       95%         5
 Spellforged Servitor     Conj/Summ      20%        N/A       98%         7
 Death Channel            Necr           5%         N/A       100%        6
 Dragon Form              Tmut           5%         N/A       100%        7
 Orb of Destruction       Conj           5%         9d5       100%        7
 Ignition                 Fire           5%         3d4       100%        8
 Dragon's Call            Summ           31%        N/A       100%        9
 Animate Dead             Necr           Unusable   N/A       N/A         4

Dungeon Overview and Level Annotations

Branches:
Dungeon (15/15)            Temple (0/1) D:7            Lair (5/5) D:10
  Swamp (0/4) Lair:3        Snake (0/4) Lair:2        Slime (0/5) Lair:5
    Orc (2/2) D:9             Elf (0/3) Orc:2        Vaults (0/5) D:14
 Depths (0/4) D:15        Ossuary (visited)           IceCv (visited)

Altars:
Cheibriados
Dithmenos
Elyvilon
Fedhas
Gozag
Kikubaaqudgha
Nemelex Xobeh
Okawaru
Qazlal
Ru
Trog
Uskayaw
Yredelemnul
Zin
The Shining One
Jiyva

Shops:
D:4 [   D:8 :   D:9 *((([   D:10 !::   D:11 [   D:13 *   Orc:1 [   Orc:2 !(:=

Annotations:
D:2 1 runed translucent door, Crazy Yiuf
D:3 2 runed translucent doors, fedoskokos's ghost, amateur FoHu
D:10 exclusions: boulder beetle and manticore
D:13 4 transporters
Lair:1 1 exclusion


Innate Abilities, Weirdness & Mutations

You have a beak for a mouth.
You have claws for feet.
Your magical nature lets you fly swiftly and evasively.


Message History

The centaur warrior hits you.
The centaur warrior completely misses you.
An efreet comes into view.
It is wielding a +2 scimitar of flaming.
The tengu reaver points at you and mumbles some strange words.
The bolt of poison hits you!!!
You are poisoned.
The fire giant moves out of view.
You hit the centaur warrior. You drain the centaur warrior.
You peck the centaur warrior.
The centaur warrior is heavily wounded.
You feel very sick. The centaur warrior barely misses you.
The centaur warrior misses you.
The centaur warrior hits you but does no damage.
The centaur warrior misses you.
Unknown command.
You puncture the centaur warrior! You drain the centaur warrior.
The centaur warrior is severely wounded.
You feel very sick. The centaur warrior hits you.
* * * LOW HITPOINT WARNING * * *
The centaur warrior barely misses you.
The stone giant throws a large rock.
The large rock hits you!
* * * LOW HITPOINT WARNING * * *
The centaur warrior hits you but does no damage.
The centaur warrior kicks you but does no damage.
Your cactus giant hits the tengu reaver with a +0 giant spiked club!
Unknown command.
Unknown command.
Blink to where?
Press: ? - help, Dir - move target
There is a wall there.
Okay, then.
Unknown command.
The tengu reaver attacks as you move away!
The tengu reaver hits you with a +2 great sword of electrocution!
* * * LOW HITPOINT WARNING * * *
The tengu reaver pecks you but does no damage.
The tengu reaver completely misses you.
You die...
Your body crumbles into a pile of gold.

...§≈.° ##.#.....
>.≈§#≈.°###.#########
..C≈≈.R.............#
≈.≈§≈≈C............)#
≈§≈#...######'#######
#≈≈.................#
≈.≈......C..#######.'
....#..Q...# ..
#@c##..# #..##..#
#......# '.......
.######... .. ### .


You could see a fire giant, a stone giant, a tengu reaver (ally target), a
centaur warrior (drained), an efreet and a friendly cactus giant (summoned).

Vanquished Creatures
  A frost giant (IceCv)
  Josephine (Lair:3)
  2 ogre magi
  An anaconda (Lair:1)
  3 two-headed ogres
  A boulder beetle (D:14)
  2 death yaks (IceCv)
  A bog body (Lair:3)
  An orc knight (Orc:2)
  A necromancer (D:14)
  A deep elf pyromancer (D:13)
  An elephant (Lair:2)
  2 manticores
  A black mamba (Lair:4)
  Maggie (D:7)
  2 kobold demonologists
  3 trolls (Orc:2)
  A polar bear (IceCv)
  A blink frog (Lair:5)
  A vampire (D:14)
  8 yaks
  2 basilisks
  8 humans (D:14)
  A warg (Orc:2)
  Menkaure (D:5)
  A water moccasin (D:7)
  2 nameless horrors (D:14)
  2 orc warriors
  A black bear (D:7)
  5 ogres
  4 wolves (IceCv)
  A centaur (D:9)
  A phantom (D:4)
  3 bullfrogs
  A scorpion (D:7)
  2 killer bees (D:10)
  5 electric eels
  2 howler monkeys
  5 lava snakes
  A hound (D:4)
  2 orc priests
  4 orc wizards
  2 hell rats (Lair:3)
  2 mummies (Ossuary)
  2 gnolls
  3 adders
  A river rat (Lair:3)
  A shadow imp (D:8)
  A dart slug (D:3)
  9 orcs
  2 bats (D:1)
  An endoplasm (D:2)
  3 giant cockroaches
  4 goblins
  3 hobgoblins
  3 jackals
  2 kobolds
  7 quokkas
  3 ball pythons
  A gnoll skeleton (Ossuary)
  A hobgoblin zombie (D:8)
  An orc skeleton (Ossuary)
  7 rats
  5 rat skeletons (Ossuary)
154 creatures vanquished.

Vanquished Creatures (collateral kills)
  Kirke (D:13)
  A stone giant (D:15)
  A dire elephant (Lair:3)
  A fire dragon (Lair:5)
  An ettin (Orc:2)
  2 vault guards (D:14)
  A yaktaur captain (D:11)
  5 hydras
  A catoblepas (Lair:2)
  An ogre mage (Orc:2)
  9 two-headed ogres
  A boulder beetle (D:11)
  2 centaur warriors
  A dancing weapon (D:15)
  A death knight (D:13)
  11 death yaks
  Erica (D:8)
  Urug (Lair:3)
  2 tengu warriors
  3 fire crabs
  3 skeletal warriors (D:13)
  2 deep trolls (Orc:2)
  A necromancer (D:14)
  2 wizards (D:14)
  An orc knight (Orc:2)
  An orc sorcerer (Orc:2)
  A manticore (D:15)
  5 cyclopes
  9 ugly things
  A salamander (Lair:2)
  6 black mambas
  Joseph (D:7)
  4 elephants
  3 torpor snails
  An ice statue (IceCv)
  2 molten gargoyles (Lair:5)
  14 cane toads
  An unseen horror (D:10)
  2 tormentors (D:13)
  13 komodo dragons
  2 ice devils (Orc:2)
  2 freezing wraiths
  2 rime drakes (Lair:2)
  2 tengu conjurers
  A hornet (shapeshifter) (D:13)
  10 polar bears
  Grinder (D:5)
  8 trolls
  Prince Ribbit (D:8)
  12 blink frogs
  8 dream sheep
  3 slime creatures (D:14)
  6 wyverns
  5 wraiths
  11 humans (D:14)
  2 nameless horrors (Lair:5)
  2 vampire mosquitoes (D:10)
  34 yaks
  A hog (D:13)
  5 steam dragons
  6 basilisks
  A naga (shapeshifter) (D:15)
  11 water moccasins
  An acid dragon (D:9)
  5 hell hounds (Lair:5)
  16 orc warriors
  3 ice beasts
  A sky beast (D:7)
  4 black bears
  22 ogres
  15 wolves
  4 centaurs (D:13)
  2 phantoms
  2 kobold brigands
  9 bullfrogs
  3 gnoll sergeants
  3 scorpions
  3 wights (D:7)
  12 killer bees
  5 howler monkeys
  5 lava snakes
  A jelly (D:7)
  A gnoll bouda (D:8)
  10 orc priests
  3 hounds
  3 sleepcaps
  2 iguanas
  14 orc wizards
  7 hell rats
  12 mummies
  Robin (D:2)
  19 gnolls
  4 adders
  11 river rats (Lair:3)
  A shadow imp (D:6)
  2 white imps
  2 worms
  2 dart slugs
  53 orcs
  A bat (D:1)
  7 endoplasms
  7 giant cockroaches
  9 goblins
  5 hobgoblins
  6 jackals
  5 quokkas
  6 ball pythons
  5 frilled lizards
  3 gnoll skeletons (Ossuary)
  A goblin skeleton (Ossuary)
  A hobgoblin zombie (D:8)
  7 kobolds
  A kobold skeleton (Ossuary)
  2 kobold zombies (D:8)
  An orc skeleton (Ossuary)
  12 rats
  6 rat skeletons (Ossuary)
604 creatures vanquished.

Vanquished Creatures (others)
  A death knight (D:13)
  A boulder beetle (Lair:1)
  6 death yaks
  2 ugly things
  An elephant (Lair:1)
  A komodo dragon (Lair:1)
  2 polar bears
  3 water moccasins (Lair:1)
  3 humans
  A centaur (D:13)
  An orc (D:5)
  2 snaplasher vines
24 creatures vanquished.

Grand Total: 782 creatures vanquished

Notes
Turn   | Place    | Note
-------+----------+-------------------------------------------
     0 | D:1      | MacCMillion the Tengu Summoner began the quest for the Orb.
     0 | D:1      | Reached XP level 1. HP: 10/10 MP: 4/4
    84 | D:1      | Reached skill level 5 in Summonings
   122 | D:1      | Reached XP level 2. HP: 15/15 MP: 3/6
   329 | D:1      | Found a faded altar of an unknown god.
   515 | D:1      | Reached XP level 3. HP: 19/19 MP: 4/7
  1033 | D:1      | Learned a level 2 spell: Call Imp
  1037 | D:1      | Learned a level 3 spell: Call Canine Familiar
  1334 | D:2      | Noticed Robin
  1412 | D:2      | Reached XP level 4. HP: 24/24 MP: 9/9
  1524 | D:2      | Reached skill level 6 in Summonings
  1530 | D:2      | Killed Robin
  1623 | D:2      | Found a runed translucent door.
  1624 | D:2      | Noticed Crazy Yiuf
  1779 | D:2      | Reached skill level 1 in Fighting
  2142 | D:3      | Gained mutation: Your magical nature lets you fly swiftly
                  | and evasively. [Tengu growth]
  2142 | D:3      | Reached XP level 5. HP: 30/30 MP: 7/10
  2257 | D:3      | Found a faded altar of an unknown god.
  2262 | D:3      | Found a blossoming altar of Fedhas.
  2449 | D:3      | Found a sparkling altar of Nemelex Xobeh.
  2549 | D:3      | Found a runed translucent door.
  2559 | D:3      | Noticed fedoskokos's ghost (amateur FoHu)
  2601 | D:3      | Found a runed translucent door.
  2695 | D:3      | Found a stormy altar of Qazlal.
  2883 | D:3      | Reached XP level 6. HP: 15/36 MP: 5/11
  3456 | D:4      | Found an opulent altar of Gozag.
  3464 | D:4      | Became a worshipper of Gozag Ym Sagoz the Greedy
  3598 | D:4      | Found Plog's Armour Shoppe.
  4056 | D:4      | Reached skill level 5 in Dodging
  4056 | D:4      | Reached XP level 7. HP: 43/43 MP: 4/12
  4247 | D:5      | Entered Level 5 of the Dungeon
  4395 | D:5      | Noticed Grinder
  4442 | D:5      | Killed Grinder
  4443 | D:5      | Reached skill level 5 in Fighting
  4510 | D:5      | Noticed Menkaure
  4518 | D:5      | Killed Menkaure
  4519 | D:5      | Reached XP level 8. HP: 49/49 MP: 9/13
  4833 | D:5      | Found a sand-covered staircase.
  4852 | D:5      | Reached skill level 1 in Air Magic
  4877 | Ossuary  | Entered an ossuary
  6711 | D:6      | Found a shadowy altar of Dithmenos.
  6805 | D:6      | Reached skill level 7 in Summonings
  6810 | D:6      | Learned a level 4 spell: Summon Lightning Spire
  7026 | D:6      | Reached skill level 5 in Air Magic
  7026 | D:6      | Reached XP level 9. HP: 54/54 MP: 10/14
  7313 | D:6      | Reached skill level 8 in Summonings
  7671 | D:7      | Found a hide-covered altar of Uskayaw.
  7745 | D:7      | Found a glowing golden altar of the Shining One.
  7781 | D:7      | Found an iron altar of Okawaru.
  7828 | D:7      | Found a staircase to the Ecumenical Temple.
  8030 | D:7      | Noticed Maggie
  8307 | D:7      | Reached skill level 9 in Summonings
  8657 | D:7      | Killed Maggie
  8658 | D:7      | Reached skill level 10 in Summonings
  9119 | D:7      | Noticed Joseph
  9131 | D:7      | Killed Joseph
  9132 | D:7      | Reached XP level 10. HP: 40/61 MP: 2/15
  9520 | D:7      | Found a bloodstained altar of Trog.
  9727 | D:7      | Found a basalt altar of Yredelemnul.
  9895 | D:7      | Noticed a kobold demonologist
 10203 | D:7      | Killed a kobold demonologist
 10403 | D:8      | Found Ziviqiet's Book Boutique.
 10783 | D:8      | Noticed Erica
 10790 | D:8      | Killed Erica
 10862 | D:8      | Found a sacrificial altar of Ru.
 10899 | D:8      | Noticed Prince Ribbit
 10908 | D:8      | Killed Prince Ribbit
 10961 | D:8      | Found an ancient bone altar of Kikubaaqudgha.
 11144 | D:9      | Found Atoifari's Weapon Shop.
 11307 | D:9      | Found Dopiz's Weapon Emporium.
 11311 | D:9      | Found Sesykk's Weapon Boutique.
 11311 | D:9      | Found a staircase to the Orcish Mines.
 11341 | D:9      | Learned a level 3 spell: Summon Guardian Golem
 11350 | D:9      | Reached skill level 10 in Dodging
 11359 | D:9      | Reached skill level 11 in Summonings
 11422 | D:9      | Found Guamax's Antique Armour Shop.
 11442 | D:9      | Found a snail-covered altar of Cheibriados.
 11722 | D:9      | Reached skill level 5 in Spellcasting
 11722 | D:9      | Reached XP level 11. HP: 46/68 MP: 15/19
 12152 | D:9      | Found Wofe's Assorted Antiques.
 12158 | D:9      | Bought a scroll labelled QOPHYJ XIUPN for 32 gold pieces
 12264 | D:10     | Entered Level 10 of the Dungeon
 12501 | D:10     | Found a glowing silver altar of Zin.
 12839 | D:10     | Noticed a manticore
 12985 | D:10     | Identified the +1 falchion "Wimofout" {venom, rF+++ rCorr
                  | Int-5 Stlth-}
 12985 | D:10     | Identified the amulet of Pride {rC+ Regen+ Dex+2}
 13007 | D:10     | Noticed a soul eater
 13192 | D:10     | Found a staircase to the Lair.
 13274 | D:10     | Noticed a boulder beetle
 13501 | D:11     | Found Otoiv's Armour Shoppe.
 13689 | D:11     | Noticed a purple ugly thing
 13700 | D:11     | Killed a purple ugly thing
 13701 | D:11     | Reached skill level 12 in Summonings
 14211 | D:11     | Noticed a boulder beetle
 14227 | D:11     | Killed a boulder beetle
 14768 | D:11     | Noticed a tengu warrior
 14792 | D:11     | Killed a tengu warrior
 15075 | D:11     | Noticed a two-headed ogre
 15098 | D:11     | Killed a two-headed ogre
 15160 | D:11     | Noticed a yaktaur captain
 15176 | D:11     | Killed a yaktaur captain
 15791 | D:8      | Bought a book of Scorching for 450 gold pieces
 15798 | D:8      | Learned a level 6 spell: Summon Cactus Giant
 15902 | Lair:1   | Entered Level 1 of the Lair of Beasts
 15933 | Lair:1   | Noticed a boulder beetle
 16165 | Lair:1   | Killed a boulder beetle
 16166 | Lair:1   | Reached skill level 1 in Armour
 16166 | Lair:1   | Reached XP level 12. HP: 69/76 MP: 15/23
 16384 | Lair:1   | Reached skill level 13 in Summonings
 17142 | Lair:1   | Noticed an anaconda
 17170 | Lair:1   | Killed an anaconda
 17463 | Lair:1   | Reached skill level 10 in Fighting
 17579 | Lair:1   | Noticed a four-headed hydra
 17586 | Lair:1   | Killed a four-headed hydra
 17587 | Lair:1   | Reached skill level 14 in Summonings
 18392 | Lair:1   | Noticed an alligator
 18392 | Lair:1   | Noticed a dire elephant
 19108 | Lair:2   | Reached skill level 5 in Armour
 19729 | Lair:2   | Noticed a catoblepas
 19749 | Lair:2   | Killed a catoblepas
 19750 | Lair:2   | Reached XP level 13. HP: 30/82 MP: 11/26
 20019 | Lair:2   | Reached skill level 15 in Summonings
 20294 | Lair:2   | Found a staircase to the Snake Pit.
 21538 | Lair:3   | Noticed a dire elephant
 21559 | Lair:3   | Killed a dire elephant
 21747 | Lair:3   | Reached skill level 10 in Spellcasting
 22040 | Lair:3   | Noticed Josephine
 22052 | Lair:3   | Killed Josephine
 22248 | Lair:3   | Found a staircase to the Swamp.
 22309 | Lair:3   | Noticed Urug
 22389 | Lair:3   | Killed Urug
 22511 | Lair:3   | Reached skill level 10 in Armour
 23178 | Lair:4   | Reached XP level 14. HP: 88/88 MP: 23/29
 24590 | Lair:5   | Entered Level 5 of the Lair of Beasts
 24590 | Lair:5   | Found a staircase to the Slime Pits.
 24590 | Lair:5   | Found a viscous altar of Jiyva.
 25426 | Lair:5   | Found a large runed translucent door.
 25426 | Lair:5   | Found a large runed translucent door.
 26982 | D:10     | Bought a potion of brilliance for 52 gold pieces
 27095 | D:12     | Found a white marble altar of Elyvilon.
 27868 | D:13     | Found Furred's General Store.
 27897 | D:13     | Found a transporter.
 27899 | D:13     | Found a transporter.
 27903 | D:13     | Found a transporter.
 27915 | D:13     | Noticed Kirke
 27927 | D:13     | Killed Kirke
 28025 | D:13     | Found a transporter.
 29368 | D:13     | Reached XP level 15. HP: 99/99 MP: 24/30
 29443 | D:13     | Learned a level 5 spell: Summon Forest
 29590 | D:13     | Identified the +0 ring mail of the World {Harm Will+ rCorr}
 29669 | D:14     | Reached skill level 1 in Translocations
 30384 | D:14     | Reached skill level 5 in Translocations
 30833 | D:14     | Found a gate to the Vaults.
 31491 | Orc:1    | Entered Level 1 of the Orcish Mines
 31946 | Orc:1    | Found Xecag's Antique Armour Shop.
 32092 | Orc:2    | Entered Level 2 of the Orcish Mines
 32616 | Orc:2    | Found Bioffits's Weapon Boutique.
 32665 | Orc:2    | Found a frozen archway.
 32693 | IceCv    | Entered an ice cave
 32727 | IceCv    | Reached XP level 16. HP: 104/104 MP: 25/31
 33165 | IceCv    | Reached skill level 10 in Translocations
 33463 | IceCv    | Reached skill level 1 in Polearms
 33665 | IceCv    | Reached skill level 1 in Hexes
 34227 | IceCv    | Identified the +0 scale mail of the World {*Slow rF+ SInv}
 34698 | Orc:2    | Found Wobomo's Distillery.
 34748 | Orc:2    | Bought a potion of cancellation for 120 gold pieces
 34750 | Orc:2    | Found Huyci's Book Shoppe.
 34751 | Orc:2    | Found Tanixy's Jewellery Shoppe.
 34880 | Orc:2    | Found a staircase to the Elven Halls.
 35528 | D:15     | Entered Level 15 of the Dungeon
 36387 | D:15     | Noticed a tengu reaver
 36402 | D:15     | Found a staircase to the Depths.
 36406 | D:15     | HP: 1/105 [tengu reaver/+2 great sword of electrocution
                  | (15)]
 36406 | D:15     | Succumbed to a tengu reaver's bolt of poison

Illustrated notes

Levels and vault maps discovered:
D:1:      dpeg_arrival_radiant, layout_loops_ring, basic_ecumenical_altar
D:2:      layout_rooms, uniq_crazy_yiuf_cottage, uniq_robin
D:3:      layout_basic, nemelex_diamond_rough_becter,
          nicolae_overflow_ecumenical_swirl, mainiacjoe_overflow_boulevard,
          ebering_ghost_sewer_f, item_on_display_a
D:4:      layout_basic, mainiacjoe_overflow_catwalk, serial_shops, shop
D:5:      layout_rooms, enter_ossuary_2, uniq_menkaure, uniq_grinder
D:6:      layout_rooms, grunt_dithmenos_smoke
D:7:      minmay_spotlight, layout_loops_corners, trog_ov_bears_minmay,
          mainiacjoe_overflow_surrounded_room, kennysheep_mini,
          okawaru_metal_pillars_3, nicolae_uskayaw_dance_hall,
          minmay_temple_entry_slanted, hellmonk_no_cap, uniq_joseph, uniq_maggie
D:8:      layout_rooms, nicolae_ru_the_path_less_chosen, tgw_kikubaaqudgha,
          serial_shops, shop, minmay_mini_ossuary, uniq_erica,
          uniq_prince_ribbit1
D:9:      layout_rooms, mainiacjoe_overflow_chevrons, orc_david_3, serial_shops,
          shop, nicolae_shop_pleasant_corner_grove, shop, kennysheep_little_box,
          billiards_dpeg
D:10:     layout_rooms, mainiacjoe_overflow_alcove_1, david_lair_shrubbed,
          minmay_diamond_spiral
D:11:     layout_loops_ring, serial_shops, shop, roderic_lattice_a,
          minmay_three_doors
D:12:     layout_gridville, nicolae_elyvilon_peaceful_grove
D:13:     cheibrodos_tormentor_scu, layout_irregular_city, serial_shops,
          nicolae_shop_hallway_stairs, nicolae_transporter_circle, uniq_kirke
D:14:     layout_loops_ring, grunt_vaults_entry_tiered
D:15:     grunt_enter_depths_giant_problem, layout_stronghold,
          nicolae_rejected_hall
Lair:1:   layout_small_grid, nicolae_lair_lakeside_cave,
          infiniplex_staircase_pool_2, grunt_megastairs_2
Lair:2:   layout_gridlike, nicolae_snake_entry_warm_welcome, serial_forest,
          infiniplex_forest_zigzag_1, infiniplex_forest_clump_double,
          infiniplex_forest_straight_3, infiniplex_forest_straight_3,
          infiniplex_forest_zigzag_2, infiniplex_forest_lined_2,
          infiniplex_forest_clump_medium, infiniplex_forest_end_1
Lair:3:   lemuel_ratsnest, layout_chaotic_city, skrybe_swamp_entry_bodies,
          nicolae_lair_grazing_beasts [nicolae_sub_lair_graze_edge,
          nicolae_sub_lair_graze_edge, nicolae_sub_lair_graze_edge,
          nicolae_sub_lair_graze_edge], uniq_urug, uniq_josephine
Lair:4:   layout_regular_city, hangedman_lair_generics_rect,
          infiniplex_staircase_pool, grunt_megastairs_1
Lair:5:   cheibrodos_lair_end_hotspot, layout_cave_pods, slime_entry_1
Orc:1:    layout_caves, serial_shops, nicolae_shop_statue_plus
Orc:2:    st_orc_open, layout_caves, portal_ice_cave_demonic_guard

Skill      XL: |  1  2  3  4  5  6  7  8  9 10 11 12 13 14 15 16 |
---------------+-------------------------------------------------+-----
Summonings     | 5 6 7 10 11 12 14 15 | 15.0
Spellcasting   | 3 5 7 8 10 | 10.0
Fighting       | 1 2 4 5 6 7 9 10 13 | 13.6
Dodging        | 3 4 5 6 8 9 10 13 14 | 14.2
Air Magic      | 5 7 |  7.0
Armour         | 1 6 10 | 10.0
Translocations | 9 10 | 10.0
Polearms       | 3 |  3.5
Hexes          | 2 |  2.4
Stealth        | |  2.0

Action                     |  1- 3 |  4- 6 |  7- 9 | 10-12 | 13-15 | 16-18 || total
---------------------------+-------+-------+-------+-------+-------+-------++-------
  Melee: Unarmed           |     3 |       |       |       |       |       ||     3
         Kick              |     6 |    13 |    49 |    44 |   133 |    38 ||   283
         Dagger            |    14 |       |       |       |       |       ||    14
         Peck              |     4 |     9 |    33 |    17 |    81 |    26 ||   170
         Spear             |    15 |    94 |   232 |   199 |   239 |       ||   779
         Punch             |       |       |     3 |     3 |     4 |     1 ||    11
         Demon trident     |       |       |       |       |   206 |   129 ||   335
   Cast: Summon Small Mamm |    43 |     1 |     4 |       |       |       ||    48
         Call Imp          |     3 |    17 |    30 |     4 |       |       ||    54
         Call Canine Famil |     3 |    20 |    50 |    71 |    58 |    14 ||   216
         Summon Lightning  |       |       |     5 |    89 |   127 |    12 ||   233
         Summon Guardian G |       |       |       |    14 |    18 |     2 ||    34
         Summon Cactus Gia |       |       |       |     2 |    67 |    31 ||   100
         Summon Forest     |       |       |       |       |     5 |     2 ||     7
 Invoke: Call Merchant     |       |       |       |       |     3 |       ||     3
  Evoke: Wand              |       |       |       |    10 |     2 |       ||    12
    Use: Scroll            |       |       |     5 |     6 |    17 |     2 ||    30
         Potion            |       |       |     1 |       |       |       ||     1
   Stab: Sleeping          |     1 |     2 |     5 |     2 |       |       ||    10
         Distracted        |       |     1 |     3 |     5 |    10 |     2 ||    21
 Armour: Robe              |     7 |     5 |    13 |    12 |       |       ||    37
         Acid dragon scale |       |       |       |    24 |    89 |    46 ||   159
  Dodge: Dodged            |    26 |    43 |   125 |   177 |   363 |   163 ||   897
